 Dungeon Crawl Stone Soup version 0.29-a0-862-g9cde7d2 (webtiles) character file.

Game seed: 5233476718555015366

181533 GeorgeSoros the Destroyer (level 17, -50/127 HPs)
             Began as a Demonspawn Ice Elementalist on July 16, 2022.
             Was the Champion of Qazlal.
             Killed from afar by Asterion (52 damage)
             ... with an orb of electricity
             ... on level 1 of the Spider Nest.
             The game lasted 03:01:45 (41115 turns).

GeorgeSoros the Destroyer (DsIE)                   Turns: 41115, Time: 03:01:46

Health: -50/127    AC: 27    Str: 15    XL:     17   Next: 33%
Magic:  29/29      EV: 13    Int: 20    God:    Qazlal [******]
Gold:   2797       SH: 21    Dex: 19    Spells: 20/32 levels left

rFire   . . .      SeeInvis +   a - +7 falchion of Ishraduu {venom, rC+ Will+ Str+4}
rCold   + + +      Faith    .   F - +0 kite shield
rNeg    . . .      Spirit   .   T - +0 ring mail "Ynacad" {Dex+3 SInv}
rPois   .          Reflect  .   P - +2 hat
rElec   .          Harm     .   K - +2 cloak {Stlth+}
rCorr   .          Rampage  .   g - +2 pair of gloves
Will    ++...                   L - +0 pair of boots {Fly}
Stlth   +.........              O - amulet of the acrobat
HPRegen 0.31/turn               u - ring of protection from fire
MPRegen 0.21/turn               d - ring of ice

@: ice-armoured, freezing walls, flying, repel missiles
A: horns 2, icy blue scales 3, ignite blood 3, powered by pain 2
}: 1/15 runes: barnacled
a: Renounce Religion, Upheaval, Elemental Force, Disaster Area


You were on level 1 of the Spider Nest.
You worshipped Qazlal.
Qazlal was exalted by your worship.
You visited 6 branches of the dungeon, and saw 25 of its levels.
You also visited: Gauntlet and Volcano.

You collected 2828 gold pieces.
You spent 31 gold pieces at shops.

Inventory:

Hand Weapons
 a - the +7 falchion of Ishraduu (weapon) {venom, rC+ Will+ Str+4}
   (You found it on level 4 of the Dungeon)

   It poisons the flesh of those it strikes.
   Str:       It affects your strength (+4).
   rC:        It protects you from cold.
   Will:      It increases your willpower.
 b - the +0 spear "Kipsyfa" {elec, *Rage rCorr Str+3}
   (You found it on level 4 of the Dungeon)

   It occasionally discharges a powerful burst of electricity upon striking a
   foe.
   Str:       It affects your strength (+3).
   *Rage:     It berserks you when you make melee attacks (+20% chance).
   rCorr:     It protects you from acid and corrosion.
 c - a +2 sling of freezing
 J - the +6 scimitar "Cyselof" {vorpal, +Blink Str+3 Int+3}
   (You found it on level 1 of the Lair of Beasts)

   It inflicts extra damage upon your enemies.
   Str:       It affects your strength (+3).
   Int:       It affects your intelligence (+3).
   +Blink:    It lets you blink.
 M - the +5 dagger of the Feeding Soothsayer {flame, Will+ Int+6}
   (You found it in a Gauntlet)

   It burns those it strikes, dealing additional fire damage.
   Int:       It affects your intelligence (+6).
   Will:      It increases your willpower.
Missiles
 x - 8 curare-tipped darts
 y - 5 throwing nets
Armour
 g - a +2 pair of gloves (worn)
 l - a +1 leather armour of fire resistance
 m - the +0 pair of boots "Zyexen" {Int+3 Dex+4}
   (You found it on level 3 of the Shoals)

   Int:       It affects your intelligence (+3).
   Dex:       It affects your dexterity (+4).
 F - a +0 kite shield (worn)
 K - a +2 cloak of stealth (worn)
 L - a +0 pair of boots of flying (worn)
 P - a +2 hat (worn)
 T - the +0 ring mail "Ynacad" (worn) {Dex+3 SInv}
   (You found it on level 5 of the Lair of Beasts)

   Dex:       It affects your dexterity (+3).
   SInv:      It lets you see invisible.
Jewellery
 d - a ring of ice (right hand)
 p - an amulet of magic regeneration
 u - a ring of protection from fire (left hand)
 C - a ring of wizardry
 E - an amulet of regeneration
 G - a ring of protection from fire
 O - an amulet of the acrobat (around neck)
 Z - the ring of the Four Realms {Fire Drain Str+3 Slay+3}
   (You found it on level 3 of the Shoals)

   [ring of fire]

   It enhances your fire magic.
   Str:       It affects your strength (+3).
   Slay:      It affects your accuracy & damage with ranged weapons and melee
   (+3).
   rF:        It protects you from fire.
   rC:        It makes you vulnerable to cold.
   Drain:     It drains your maximum health when unequipped.
Wands
 k - a wand of digging (7)
 t - a wand of paralysis (38)
 w - a wand of polymorph (15)
 A - a wand of iceblast (6)
 H - a wand of flame (19)
Scrolls
 e - 2 scrolls of silence
 f - 6 scrolls of immolation
 h - a scroll of fog
 i - 2 scrolls of identify
 j - 7 scrolls of magic mapping
 n - 4 scrolls of amnesia
 I - 10 scrolls of teleportation
 S - 3 scrolls of brand weapon
 V - 2 scrolls of poison
 Y - a scroll of enchant weapon
Potions
 o - 9 potions of haste
 q - 3 potions of magic
 r - 3 potions of brilliance
 s - 3 potions of invisibility
 v - 3 potions of mutation
 z - 2 potions of cancellation
 N - 5 potions of curing
 Q - a potion of resistance
 R - a potion of might
 W - a potion of berserk rage


   Skills:
 + Level 9.6 Fighting
 - Level 8.4 Long Blades
 - Level 0.7 Ranged Weapons
 + Level 7.5 Armour
 - Level 6.4 Dodging
 - Level 1.7 Stealth
 - Level 11.0 Shields
 - Level 8.0 Spellcasting
 - Level 13.8 Conjurations
 - Level 12.0 Ice Magic
 - Level 12.7 Air Magic
 + Level 8.5 Invocations


You had 20 spell levels left.
You knew the following spells:

 Your Spells              Type           Power      Damage    Failure   Level
a - Freeze                Ice            100%       1d11      1%          1
b - Frozen Ramparts       Ice            100%       1d12      1%          3
c - Ozocubu's Armour      Ice            71%        N/A       1%          3
d - Freezing Cloud        Conj/Ice/Air   36%        6-21      4%          5

Your spell library contained the following spells:

 Spells                   Type           Power      Damage    Failure   Level
 Shock                    Conj/Air       100%       1d9       1%          1
 Static Discharge         Conj/Air       57%        3-11/arc  1%          2
 Swiftness                Air            56%        N/A       1%          3
 Airstrike                Air            28%        0-9+      1%          4
 Hailstorm                Conj/Ice       74%        3d15      1%          4
 Mephitic Cloud           Conj/Pois/Air  43%        N/A       2%          3
 Iskenderun's Battlesphe  Conj           58%        2d11      3%          5
 Ensorcelled Hibernation  Hex/Ice        96%        N/A       4%          2
 Conjure Flame            Conj/Fire      35%        6-21      6%          3
 Fulminant Prism          Conj/Hex       17%        3d11      19%         4
 Iskenderun's Mystic Bla  Conj/Tloc      35%        2d8       19%         4
 Sticky Flame             Conj/Fire      35%        2d5       19%         4
 Conjure Ball Lightning   Conj/Air       28%        3x3d8     22%         6
 Ice Form                 Ice/Tmut       48%        N/A       26%         4
 Summon Ice Beast         Ice/Summ       48%        N/A       26%         4
 Apportation              Tloc           16%        N/A       32%         1
 Necrotise                Necr           32%        1d5       32%         1
 Summon Small Mammal      Summ           32%        N/A       32%         1
 Blink                    Tloc           16%        N/A       43%         2
 Fireball                 Conj/Fire      17%        3d9       47%         5
 Corpse Rot               Necr/Pois/Air  24%        N/A       50%         4
 Silence                  Hex/Air        16%        N/A       54%         5
 Metabolic Englaciation   Hex/Ice        24%        N/A       58%         5
 Gell's Gravitas          Tloc           8%         N/A       67%         3
 Ignite Poison            Fire/Tmut/Pois 8%         N/A       67%         3
 Lesser Beckoning         Tloc           8%         N/A       67%         3
 Summon Guardian Golem    Hex/Summ       8%         N/A       67%         3
 Teleport Other           Tloc           8%         N/A       67%         3
 Orb of Destruction       Conj           29%        9d9       67%         7
 Ozocubu's Refrigeration  Ice            35%        4d12      89%         7
 Starburst                Conj/Fire      17%        6d6       96%         6
 Animate Dead             Necr           8%         N/A       97%         4
 Cause Fear               Hex            4%         N/A       97%         4
 Dispel Undead            Necr           8%         3d8       97%         4
 Simulacrum               Ice/Necr       24%        N/A       99%         6
 Alistair's Intoxication  Tmut/Pois      5%         N/A       100%        5
 Borgnjor's Vile Clutch   Necr/Erth      4%         N/A       100%        5
 Lee's Rapid Deconstruct  Erth           4%         3d6*      100%        5
 Manifold Assault         Tloc           8%         N/A       100%        5
 Death Channel            Necr           4%         N/A       100%        6
 Dispersal                Tloc           4%         N/A       100%        6
 Dragon Form              Tmut           4%         N/A       100%        7
 Spellforged Servitor     Conj/Summ      17%        N/A       100%        7
 Ignition                 Fire           4%         3d4       100%        8
 Dragon's Call            Summ           4%         N/A       100%        9
 Shatter                  Erth           4%         3d7*      100%        9


Dungeon Overview and Level Annotations

Branches:
Dungeon (11/15)            Temple (1/1) D:4            Lair (6/6) D:11
 Shoals (4/4) Lair:3       Spider (1/4) Lair:4        Slime (0/5) Lair:5
    Orc (2/2) D:11            Elf (0/3) Orc:2       Volcano (visited)
Gauntlet (visited)

Altars:
Ashenzari
Cheibriados
Dithmenos
Fedhas
Gozag
Hepliaklqana
Kikubaaqudgha
Makhleb
Nemelex Xobeh
Okawaru
Qazlal
Ru
Sif Muna
Trog
Uskayaw
Vehumet
Wu Jian
Xom
Yredelemnul
Jiyva
Lugonu

Shops:
D:4 :   Orc:2 *[=(

Portals:
Abyss: Lair:6

Annotations:
D:4 1 runed translucent door, enarc13's ghost, novice GrHW
Spider:1 Asterion


Innate Abilities, Weirdness & Mutations

You have a pair of horns on your head.
You are completely covered in icy blue scales. (AC +4, rC+)
Your demonic aura causes all spilled blood to erupt in flames.
You sometimes gain power by taking damage.


Message History

Your water elemental engulfs the Executioner in water!
Your water elemental hits the Executioner!
The Executioner is engulfed in freezing vapours.
The Executioner resists.
The wall freezes the Executioner.
The Executioner hits you but does no damage.
You block the Executioner's attack.
The Executioner hits you but does no damage.
Okay, then.
You hit Asterion.
Asterion is poisoned.
Asterion blocks your attack.
Asterion is severely wounded.
The Executioner is asphyxiated!
The Executioner is engulfed in freezing vapours.
The Executioner completely resists.
The wall freezes the Executioner but does no damage.
You block the Executioner's attack. The Executioner barely misses you.
The Executioner hits you but does no damage.
The Executioner is engulfed in freezing vapours.
The wall freezes the Executioner but does no damage.
The Executioner barely misses you.
The Executioner hits you but does no damage. x2
Asterion is engulfed in freezing vapours.
The wall freezes Asterion.
You block Asterion's attack. Asterion gores you but does no damage.
Asterion blocks your attack.
Asterion is almost dead.
The Executioner is asphyxiated!
The Executioner is engulfed in freezing vapours.
The wall freezes the Executioner but does no damage.
You block the Executioner's attack. The Executioner misses you.
The Executioner barely misses you.
The Executioner is engulfed in freezing vapours.
The Executioner completely resists.
The wall freezes the Executioner but does no damage.
You block the Executioner's attack.
The Executioner hits you but does no damage. x2
Asterion is engulfed in freezing vapours.
The wall freezes Asterion.
Asterion conjures a destructive force in the name of Makhleb!
The orb of electricity explodes!
The orb of electricity engulfs you!!!
You die...

#### #####..####
#...#...#.#
#..##..§.### §#.
###.....§§#H#§§§..
#.#...#.#§@1§§°#
##†..######EE§###
###....# ###.#
#<...### ##
##†...# #...#^..#
###.#..## ###...#
...#


You could see Asterion (fast, very poisoned), an Executioner (summoned, fast,
unsilenced, asphyxiating, ally target) and 2 friendly water elementals.

Vanquished Creatures
  Rupert (Orc:2)
  5 krakens
  2 orc warlords (D:11)
  Aizul (Shoals:1)
  The ghost of Illumine the Severer, a journeyman MiFi of Makhleb (Shoals:2)
  Nessos (Lair:6)
  A red draconian (Volcano)
  The ghost of Dega the Crack Shot, a journeyman SpHu of Dithmenos (Lair:3)
  A minotaur (Gauntlet)
  9 merfolk javelineers
  10 merfolk impalers
  A fire dragon (D:10)
  Fannar (D:11)
  Harold (D:11)
  2 hydras
  An ogre mage (Volcano)
  14 merfolk aquamancers
  An anaconda (shapeshifter) (Lair:6)
  5 merfolk avatars
  2 centaur warriors
  4 alligator snapping turtles
  5 satyrs
  Erolcha (Orc:2)
  8 two-headed ogres
  9 death yaks
  3 thrashing horrors (Lair:6)
  Sonja (Lair:2)
  Nergalle (D:11)
  Amaemon (D:10)
  A shadow wraith (Shoals:3)
  A fire crab (Gauntlet)
  An orb spider (Spider:1)
  14 sea snakes
  7 orc knights
  16 harpies
  3 cyclopes
  2 orc sorcerers
  3 ugly things (Lair:6)
  23 fauns
  3 oklob plants (Lair:5)
  15 manticores
  3 elephants (Lair:6)
  8 merfolk sirens
  A smoke demon (Lair:6)
  8 black mambas
  A moth of wrath (shapeshifter) (Lair:6)
  6 water nymphs
  A rust devil (Gauntlet)
  A torpor snail (Gauntlet)
  16 cane toads
  A gargoyle (D:11)
  Psyche (D:9)
  A minotaur zombie (Gauntlet)
  An unseen horror (D:11)
  12 komodo dragons
  2 ancient zymes (Lair:6)
  3 slime creatures (D:9)
  28 merfolk
  12 wind drakes
  3 polar bears
  40 blink frogs
  3 tarantellas (Spider:1)
  2 trolls (D:10)
  12 dream sheep
  A vampire (D:11)
  A jumping spider (Lair:4)
  9 snapping turtles
  20 water elementals
  A wraith (D:10)
  Sigmund (D:4)
  3 ynoxinuls
  2 culicivoras (Lair:4)
  4 shadows (D:10)
  8 basilisks
  3 wyverns
  53 yaks
  Grum (D:10)
  3 steam dragons
  A chaos spawn (Lair:6)
  Eustachio (D:3)
  2 fire bats (Gauntlet)
  4 redbacks
  2 vampire mosquitoes (D:11)
  A warg (Orc:2)
  Menkaure (D:4)
  2 acid dragons
  51 orc warriors
  13 water moccasins
  2 sky beasts
  3 black bears
  15 wolves
  8 ogres
  9 centaurs
  3 kobold brigands
  13 bullfrogs
  8 small abominations (Lair:6)
  2 necrophages
  2 gnoll sergeants
  2 scorpions
  3 wights (D:6)
  13 killer bees
  6 howler monkeys
  10 electric eels
  2 quasits (D:8)
  8 hounds
  2 jellies
  A gnoll bouda (D:4)
  11 orc priests
  4 iron imps (Gauntlet)
  Ijyb (D:4)
  An iguana (D:4)
  21 orc wizards
  Robin (D:4)
  19 gnolls
  4 adders
  6 shadow imps
  5 white imps
  3 ufetubi (D:8)
  2 worms
  A dart slug (D:3)
  78 orcs
  4 ball pythons
  3 bat skeletons (D:4)
  2 bat zombies (D:4)
  9 endoplasms
  6 giant cockroaches
  6 hobgoblins
  A quokka (D:3)
  4 bats
  3 frilled lizards
  17 goblins
  16 kobolds
  2 rats
  13 tentacles
892 creatures vanquished.

Vanquished Creatures (others)
  A bush (Lair:6)
  A butterfly (D:6)
  A demonic plant (Gauntlet)
  36 fungi
  86 plants
  17 tentacles
142 creatures vanquished.

Grand Total: 1034 creatures vanquished

Notes
Turn   | Place    | Note
-------+----------+-------------------------------------------
     0 | D:1      | GeorgeSoros the Demonspawn Ice Elementalist began the quest
                  | for the Orb.
     0 | D:1      | Reached XP level 1. HP: 13/13 MP: 3/3
   142 | D:1      | Got the Codex of Weather and the Lithosphere
   261 | D:1      | Gained mutation: You are partially covered in icy blue
                  | scales. (AC +2) [demonic ancestry]
   261 | D:1      | Reached XP level 2. HP: 19/19 MP: 3/5
   706 | D:2      | Found a shimmering altar of Xom.
   827 | D:2      | Gained mutation: Your demonic aura sometimes causes spilled
                  | blood to erupt in flames. [demonic ancestry]
   827 | D:2      | Reached XP level 3. HP: 24/24 MP: 6/6
   965 | D:2      | Found a faded altar of an unknown god.
   993 | D:2      | Learned a level 3 spell: Frozen Ramparts
  1597 | D:3      | Reached skill level 5 in Ice Magic
  1635 | D:3      | Gained mutation: You sometimes gain a little power by
                  | taking damage. [demonic ancestry]
  1635 | D:3      | Reached XP level 4. HP: 30/30 MP: 3/7
  2010 | D:3      | Noticed a black bear
  2018 | D:3      | Killed a black bear
  2019 | D:3      | Gained mutation: Your demonic aura often causes spilled
                  | blood to erupt in flames. [demonic ancestry]
  2019 | D:3      | Reached XP level 5. HP: 31/35 MP: 4/8
  2439 | D:4      | Noticed Eustachio
  2702 | D:3      | Killed Eustachio
  2703 | D:3      | Reached XP level 6. HP: 30/41 MP: 5/9
  2722 | D:3      | Learned a level 3 spell: Ozocubu's Armour
  2965 | D:4      | Noticed Robin
  2971 | D:4      | Killed Robin
  3135 | D:4      | Noticed Ijyb
  3464 | D:4      | Found Tiusuh's Book Boutique.
  3559 | D:4      | Found a runed translucent door.
  3564 | D:4      | Noticed enarc13's ghost (novice GrHW)
  3584 | D:4      | Killed Ijyb
  3585 | D:4      | Reached skill level 1 in Armour
  3745 | D:4      | Found a staircase to the Ecumenical Temple.
  3778 | Temple   | Entered the Ecumenical Temple
  3956 | Temple   | Became a worshipper of Qazlal Stormbringer
  4010 | D:4      | Identified the +0 spear "Kipsyfa" {elec, *Rage rCorr Str+3}
  4011 | D:4      | Identified the +7 falchion of Ishraduu {venom, rC+ Will+
                  | Str+4}
  4033 | D:4      | Noticed Sigmund
  4042 | D:4      | Killed Sigmund
  4043 | D:4      | Reached skill level 1 in Long Blades
  4043 | D:4      | Reached XP level 7. HP: 36/46 MP: 5/10
  4203 | D:4      | Found an ancient bone altar of Kikubaaqudgha.
  4290 | D:4      | Noticed Menkaure
  4294 | D:4      | Killed Menkaure
  4847 | D:5      | Entered Level 5 of the Dungeon
  5211 | D:5      | Reached XP level 8. HP: 52/52 MP: 5/11
  5990 | D:6      | Reached * piety under Qazlal
  6033 | D:6      | Reached skill level 5 in Long Blades
  6066 | D:6      | You fall into a shaft and drop 1 floor!
  6199 | D:7      | Gained mutation: You are mostly covered in icy blue scales.
                  | (AC +3) [demonic ancestry]
  6199 | D:7      | Reached XP level 9. HP: 44/57 MP: 10/12
  6376 | D:7      | Identified the +1 ring mail of Zin's Generosity {rF- rC+
                  | Will+++ Dex-2}
  6973 | D:6      | Found a broken altar of Ashenzari.
  7306 | D:6      | Reached ** piety under Qazlal
  7327 | D:6      | Learned a level 5 spell: Freezing Cloud
  7498 | D:7      | Got the Spellbook of the Atmosphere
  7823 | D:8      | Reached skill level 1 in Invocations
  7830 | D:8      | Reached skill level 10 in Ice Magic
  8562 | D:8      | Found a blossoming altar of Fedhas.
  9021 | D:9      | HP: 1/57 [yak (12)]
  9025 | D:9      | Reached XP level 10. HP: 7/63 MP: 13/13
  9041 | D:9      | Reached skill level 5 in Invocations
  9041 | D:9      | Reached *** piety under Qazlal
 10078 | D:9      | Found a basalt altar of Yredelemnul.
 10148 | D:9      | Noticed Psyche
 10151 | D:9      | Killed Psyche
 10416 | D:9      | Reached skill level 1 in Fighting
 10416 | D:9      | Reached skill level 1 in Conjurations
 10464 | D:9      | Reached skill level 1 in Air Magic
 11027 | D:10     | Entered Level 10 of the Dungeon
 11069 | D:10     | Noticed a two-headed ogre
 11121 | D:9      | Killed a two-headed ogre
 11249 | D:10     | Reached skill level 2 in Conjurations
 11255 | D:10     | Gained mutation: You have a pair of small horns on your
                  | head. [demonic ancestry]
 11255 | D:10     | Reached XP level 11. HP: 71/72 MP: 13/16
 11269 | D:10     | Noticed Grum
 11275 | D:10     | Killed Grum
 11400 | D:10     | Found a shadowy altar of Dithmenos.
 11864 | D:10     | Noticed Amaemon
 11876 | D:10     | Reached skill level 3 in Conjurations
 11877 | D:10     | Killed Amaemon
 12249 | D:10     | Identified the +5 war axe "Atral Qat" {flame, rF++ Str-5
                  | Int-5 Dex+2}
 12732 | D:10     | Noticed a fire dragon
 12759 | D:10     | Killed a fire dragon
 13722 | D:10     | HP: 3/76 [poisoned by an orc]
 14163 | D:11     | Noticed Fannar
 14190 | D:11     | Killed Fannar
 14191 | D:11     | Reached skill level 4 in Conjurations
 14576 | D:11     | Noticed Nergalle
 14592 | D:11     | Killed Nergalle
 14694 | D:11     | Reached **** piety under Qazlal
 14761 | D:11     | Found a staircase to the Orcish Mines.
 14781 | D:11     | Noticed a two-headed ogre
 14785 | D:11     | Reached skill level 5 in Fighting
 14785 | D:11     | Reached skill level 5 in Conjurations
 14793 | D:11     | Killed a two-headed ogre
 14794 | D:11     | Reached skill level 5 in Air Magic
 14955 | D:11     | Noticed Harold
 14962 | D:11     | Killed Harold
 14963 | D:11     | Reached XP level 12. HP: 81/87 MP: 13/17
 15011 | D:11     | Reached skill level 6 in Conjurations
 15178 | D:11     | Found a hazy altar of Hepliaklqana.
 15186 | D:11     | Found a faded altar of an unknown god.
 15541 | D:11     | Found a staircase to the Lair.
 15783 | Lair:1   | Entered Level 1 of the Lair of Beasts
 15790 | Lair:1   | Reached skill level 1 in Shields
 16239 | Lair:1   | Identified the +1 whip "Hellblazer" {freeze, Will+}
 16365 | Lair:1   | Reached skill level 7 in Conjurations
 16484 | Lair:1   | Identified the +6 scimitar "Cyselof" {vorpal, +Blink Str+3
                  | Int+3}
 17036 | Lair:2   | Found a gate leading to a gauntlet.
 17048 | Lair:2   | Noticed Sonja
 17052 | Lair:2   | Killed Sonja
 17062 | Gauntlet | Entered a Gauntlet
 17062 | Gauntlet | Found a runed translucent gate.
 17062 | Gauntlet | Found a transporter.
 17062 | Gauntlet | Found a runed translucent gate.
 17062 | Gauntlet | Found a runed translucent gate.
 17062 | Gauntlet | Found a transporter.
 17108 | Gauntlet | Found a transporter.
 17112 | Gauntlet | Found a transporter.
 17126 | Gauntlet | Found a transporter.
 17130 | Gauntlet | Found a transporter.
 17133 | Gauntlet | Noticed an ettin
 17134 | Gauntlet | Noticed an entropy weaver
 17134 | Gauntlet | an ettin changed into an entropy weaver
 17143 | Gauntlet | Noticed a bunyip
 17143 | Gauntlet | an entropy weaver changed into a bunyip
 17144 | Gauntlet | Found a transporter.
 17146 | Gauntlet | Noticed a jorogumo
 17146 | Gauntlet | a bunyip changed into a jorogumo
 17152 | Gauntlet | a jorogumo changed into a wolf spider
 17160 | Gauntlet | Found a runed translucent door.
 17161 | Gauntlet | Found a transporter.
 17162 | Gauntlet | Found a runed translucent door.
 17162 | Gauntlet | Noticed a death yak
 17163 | Gauntlet | Noticed a death yak
 17163 | Gauntlet | Noticed a death yak
 17164 | Gauntlet | Noticed a death yak
 17175 | Gauntlet | Found a transporter.
 17179 | Gauntlet | Found a transporter.
 17187 | Gauntlet | Found a transporter.
 17191 | Gauntlet | Found a transporter.
 17240 | Gauntlet | Reached skill level 8 in Conjurations
 17335 | Gauntlet | Noticed an anaconda
 17354 | Gauntlet | Killed a death yak
 17355 | Gauntlet | Killed a death yak
 17361 | Gauntlet | Killed a death yak
 17362 | Gauntlet | Reached skill level 5 in Shields
 17363 | Gauntlet | Killed a death yak
 17364 | Gauntlet | Gained mutation: You are completely covered in icy blue
                  | scales. (AC +4, rC+) [demonic ancestry]
 17364 | Gauntlet | Reached XP level 13. HP: 59/93 MP: 18/18
 17386 | Gauntlet | Noticed a minotaur
 17386 | Gauntlet | an anaconda changed into a minotaur
 17537 | Gauntlet | Noticed a minotaur
 17546 | Gauntlet | Killed a minotaur
 17778 | Gauntlet | Identified the +5 dagger of the Feeding Soothsayer {flame,
                  | Will+ Int+6}
 19158 | Lair:3   | Reached ***** piety under Qazlal
 19159 | Lair:3   | Reached skill level 9 in Conjurations
 19376 | Lair:3   | Found a runed translucent door.
 19378 | Lair:3   | Noticed Dega's ghost (journeyman SpHu)
 19670 | Lair:3   | Found a staircase to the Shoals.
 19988 | Lair:3   | Killed Dega's ghost
 21184 | Lair:4   | Reached skill level 10 in Conjurations
 21758 | Lair:4   | Found a hole to the Spider Nest.
 22839 | Lair:5   | Gained mutation: Your demonic aura causes all spilled blood
                  | to erupt in flames. [demonic ancestry]
 22839 | Lair:5   | Reached XP level 14. HP: 86/100 MP: 12/19
 23228 | Lair:5   | Identified the +0 ring mail "Ynacad" {Dex+3 SInv}
 23509 | Lair:5   | Found a viscous altar of Jiyva.
 23512 | Lair:5   | Found a staircase to the Slime Pits.
 24052 | Lair:6   | Entered Level 6 of the Lair of Beasts
 24086 | Lair:6   | Found a dark tunnel.
 24103 | Volcano  | Entered a volcano
 24397 | Volcano  | Reached skill level 5 in Armour
 24601 | Volcano  | Found a burning altar of Makhleb.
 24889 | Lair:6   | Noticed Nessos
 24913 | Lair:6   | Killed Nessos
 25759 | Lair:6   | Identified the +0 leather armour of True Grit {Int+4}
 25805 | Lair:6   | Reached skill level 10 in Shields
 26372 | Lair:6   | Reached skill level 10 in Air Magic
 26594 | Lair:6   | Reached skill level 11 in Conjurations
 26663 | Lair:6   | Reached ****** piety under Qazlal
 26816 | Lair:6   | Found a corrupted altar of Lugonu.
 26816 | Lair:6   | Found a one-way gate to the infinite horrors of the Abyss.
 26822 | Lair:6   | Got the Handbook of Cold
 27080 | Orc:1    | Entered Level 1 of the Orcish Mines
 27083 | Orc:1    | Noticed an orc warlord
 27201 | D:11     | Killed an orc warlord
 27546 | D:11     | Gained mutation: You have a pair of horns on your head.
                  | [demonic ancestry]
 27546 | D:11     | Reached XP level 15. HP: 86/105 MP: 12/20
 27624 | Orc:1    | Noticed an orc warlord
 27828 | D:11     | Killed an orc warlord
 28521 | Orc:1    | You are sucked into a shaft and drop 1 floor!
 28521 | Orc:2    | Entered Level 2 of the Orcish Mines
 28521 | Orc:2    | Found an iron altar of Okawaru.
 28525 | Orc:2    | Found a staircase to the Elven Halls.
 28555 | Orc:2    | Noticed Erolcha
 28956 | Orc:2    | Killed Erolcha
 29639 | Orc:2    | Noticed Rupert
 29640 | Orc:2    | Paralysed by Rupert for 3 turns
 29777 | Orc:2    | Killed Rupert
 30007 | Orc:2    | Found Tuci's Jewellery Shoppe.
 30007 | Orc:2    | Found Suteu's Antique Armour Shop.
 30007 | Orc:2    | Found Ranyseur's Assorted Antiques.
 30019 | Orc:2    | Found Wujuca's Weapon Emporium.
 30302 | Orc:2    | Bought a pink potion for 31 gold pieces
 30422 | Shoals:1 | Entered Level 1 of the Shoals
 30438 | Shoals:1 | Reached skill level 12 in Conjurations
 30522 | Shoals:1 | Noticed Aizul
 30535 | Shoals:1 | Killed Aizul
 32808 | Shoals:2 | Reached skill level 5 in Spellcasting
 33753 | Shoals:2 | Reached skill level 13 in Conjurations
 33753 | Shoals:2 | Gained mutation: You sometimes gain power by taking damage.
                  | [demonic ancestry]
 33753 | Shoals:2 | Reached XP level 16. HP: 95/111 MP: 16/24
 34581 | Shoals:3 | Noticed Illumine's ghost (journeyman MiFi)
 35870 | Shoals:3 | Found a runed translucent gate.
 35871 | Shoals:3 | Found a runed translucent gate.
 35875 | Shoals:3 | Found a runed translucent gate.
 36534 | Shoals:3 | Noticed a kraken
 36554 | Shoals:3 | Killed a kraken
 36791 | Shoals:3 | Identified the ring of the Four Realms {Fire Drain Str+3
                  | Slay+3}
 37400 | Shoals:2 | Killed Illumine's ghost
 37719 | Shoals:3 | Identified the +0 pair of boots "Zyexen" {Int+3 Dex+4}
 37819 | Shoals:4 | Entered Level 4 of the Shoals
 38055 | Shoals:4 | Noticed a kraken
 38055 | Shoals:4 | Noticed a kraken
 38055 | Shoals:4 | Noticed a kraken
 38055 | Shoals:4 | Noticed a kraken
 38523 | Shoals:4 | Reached skill level 5 in Dodging
 38983 | Shoals:4 | Reached XP level 17. HP: 91/124 MP: 21/29
 39615 | Shoals:4 | Killed a kraken
 39740 | Shoals:4 | Killed a kraken
 39831 | Shoals:4 | Killed a kraken
 39927 | Shoals:4 | Killed a kraken
 40867 | Shoals:4 | Got a barnacled rune of Zot
 40868 | Shoals:4 | Upgraded the game from 0.29-a0-837-g174bc33 to
                  | 0.29-a0-862-g9cde7d2
 41014 | Spider:1 | Entered Level 1 of the Spider Nest
 41104 | Spider:1 | Noticed Asterion
 41113 | Spider:1 | HP: 6/127 [Executioner[Asterion] (1)]
 41113 | Spider:1 | HP: 1/127 [Executioner[Asterion] (2)]
 41115 | Spider:1 | Killed from afar by Asterion

Illustrated notes

Levels and vault maps discovered:
D:1:      eino_arrival_water_star, layout_basic
D:2:      layout_loops_cross, basic_altar, basic_ecumenical_altar,
          hangedman_decor_growths
D:3:      layout_loops_ring
D:4:      layout_basic, kennysheep_vampire_church, minmay_temple_entry_slanted,
          ebering_ghost_reflecting_pool, serial_shops, shop, uniq_robin,
          uniq_eustachio, uniq_sigmund, uniq_ijyb, uniq_menkaure
D:5:      layout_loops_ring, hex_large
D:6:      layout_loops_cross, ashenzari_altar_1, nicolae_elyvilon_peaceful_grove
D:7:      layout_basic
D:8:      layout_cave_pools, mainiacjoe_overflow_24_doors, serial_demonic,
          serial_demonic_a, serial_demonic_c, serial_demonic_d,
          serial_demonic_d, serial_demonic_e, bh_walls_and_bars
D:9:      layout_layer_cave, old_standard_altar, chequers_big_river, uniq_psyche
D:10:     dragon1_lemuel, layout_basic, grunt_dithmenos_shadows,
          serial_park_tiny_1, amcnicky_mini_pool_medium, uniq_amaemon, uniq_grum
D:11:     layout_irregular_city, grunt_lair_entry_orc_guard_hut, erik_orc_4,
          beargit_hepliaklqana_dungeon_heroes, uniq_harold, uniq_nergalle,
          uniq_fannar
Temple:   nicolae_temple_bog_church
Lair:1:   layout_gridlike, grunt_megastairs_4, serial_bayou_shore_a
Lair:2:   layout_small_grid, gauntlet_entry_generic, grunt_megastairs_3,
          uniq_sonja
Lair:3:   layout_regular_city, elwin_shoals_entry_rooms,
          ebering_ghost_inner_flame, nicolae_quartered_pool_super
Lair:4:   nzn_winding_woodlands_medium [nzn_winding_woodlands_5x5_open_star,
          nzn_winding_woodlands_5x15_sidewinder,
          nzn_winding_woodlands_hourglass, nzn_winding_woodlands_5x5_three,
          nzn_winding_woodlands_center_lodge, nzn_winding_woodlands_5x5_cross,
          nzn_winding_woodlands_5x5_closed_star,
          nzn_winding_woodlands_5x15_parted,
          nzn_winding_woodlands_5x5_perimeter], layout_misc_corridors,
          nicolae_spider_entry_tight_spaces, infiniplex_staircase_pool
Lair:5:   dpeg_oklob_gauntlet, layout_cave_pods, dpeg_slime_entry_corner,
          lemuel_fruit_fields, infiniplex_staircase_pool_2
Lair:6:   hellmonk_lair_end_abyssal_woods, layout_hall_layers,
          nicolae_volcano_entry_lava_flow, uniq_nessos
Shoals:1: layout_shoals, nicolae_shoals_land_atoll,
          nicolae_shoals_water_elemental_grotto, uniq_aizul
Shoals:2: cheibrodos_shoals_epimethial_gifts, layout_shoals,
          nicolae_shoals_cliffside_cave, nicolae_shoals_water_shrine
Shoals:3: layout_shoals, gammafunk_ghost_split,
          nicolae_shoals_hidden_pirate_stash
Shoals:4: shoals_end_simple, layout_shoals, nicolae_shoals_kraken_party
Spider:1: layout_spider_delve, uniq_asterion
Orc:1:    layout_caves, basic_altar
Orc:2:    st_orc_rangers, layout_diamond_mine, okawaru_metal_pillars_1_2,
          uniq_erolcha, uniq_rupert

Skill      XL: |  1  2  3  4  5  6  7  8  9 10 11 12 13 14 15 16 17 |
---------------+----------------------------------------------------+-----
Ice Magic      | 4 5 6 7 8 9 10 11 12 | 12.0
Armour         | 1 3 7 |  7.5
Long Blades    | 1 3 5 7 8 |  8.4
Invocations    | 4 7 8 |  8.5
Fighting       | 2 5 6 8 9 |  9.6
Conjurations   | 2 5 8 10 11 13 | 13.8
Air Magic      | 2 5 7 9 10 12 | 12.7
Shields        | 5 7 10 11 | 11.0
Spellcasting   | 5 8 |  8.0
Dodging        | 5 6 |  6.4
Ranged Weapons | |  0.7
Stealth        | |  1.7

Action                   |  1- 3 |  4- 6 |  7- 9 | 10-12 | 13-15 | 16-18 || total
-------------------------+-------+-------+-------+-------+-------+-------++-------
Melee: Spear             |       |     2 |    26 |    29 |    26 |       ||    83
       Falchion          |       |       |   165 |   285 |   625 |   213 ||  1288
       Punch             |       |       |     2 |     6 |     5 |       ||    13
       Headbutt          |       |       |       |    62 |   182 |    74 ||   318
 Fire: Sling             |    91 |    84 |       |    30 |       |       ||   205
 Cast: Freeze            |    22 |    12 |       |       |       |       ||    34
       Frozen Ramparts   |       |     9 |    37 |    62 |    96 |    30 ||   234
       Ozocubu's Armour  |       |     4 |    25 |    49 |    89 |    55 ||   222
       Freezing Cloud    |       |       |       |     2 |    85 |    81 ||   168
Invok: Upheaval          |       |       |       |     3 |     2 |     1 ||     6
       Disaster Area     |       |       |       |       |       |     1 ||     1
       Elemental Force   |       |       |       |       |       |     1 ||     1
Evoke: Wand              |       |       |       |     9 |       |       ||     9
  Use: Scroll            |    11 |       |     5 |     8 |    12 |     5 ||    41
       Potion            |       |     5 |     2 |     4 |     9 |     5 ||    25
 Stab: Sleeping          |       |       |     2 |       |       |       ||     2
Armor: Robe              |    13 |    10 |       |       |       |       ||    23
       Leather armour    |       |     7 |    88 |   104 |   194 |       ||   393
       Ring mail         |       |       |       |       |    66 |   174 ||   240
Dodge: Dodged            |    29 |    41 |   102 |   147 |   374 |   243 ||   936
       Repelled          |       |       |       |     1 |     9 |     9 ||    19
Block: Other             |       |       |    11 |    53 |    91 |       ||   155
       Kite shield       |       |       |       |       |   597 |   474 ||  1071

Table legend: (Time is in decaauts)
 A = Elapsed time spent in this place.
 B = Non-inter-level travel time spent in this place.
 C = Inter-level travel time spent in this place.
 D = Time resting spent in this place.
 E = Time spent auto-exploring this place.
 F = Levels seen in this place.
 G = Mean time per level.
                   A        B        C        D        E       F      G
               +--------+--------+--------+--------+--------+-----+--------+
         Total |  41306 |  39527 |   1779 |   9043 |  23520 |  27 | 1529.9 |
       Dungeon |  16922 |  16028 |    894 |   2637 |  11012 |  11 | 1538.4 |
        Temple |    212 |    191 |     21 |      0 |    173 |   1 |  212.0 |
          Lair |  10494 |   9919 |    575 |   1226 |   7112 |   6 | 1749.0 |
        Shoals |  10110 |   9868 |    242 |   3822 |   4078 |   4 | 2527.5 |
   Spider Nest |    100 |    100 |      0 |      0 |     81 |   1 |  100.0 |
  Orcish Mines |   2115 |   2069 |     46 |    755 |    831 |   2 | 1057.5 |
       Volcano |    601 |    601 |      0 |    229 |    177 |   1 |  601.0 |
      Gauntlet |    748 |    748 |      0 |    373 |     56 |   1 |  748.0 |
               +--------+--------+--------+--------+--------+-----+--------+

Top non-repeatable levels by time:
    D:10: 3150 daAuts
Shoals:2: 2962 daAuts
Shoals:3: 2822 daAuts
    D:11: 2723 daAuts
  Lair:4: 2317 daAuts
  Lair:6: 2299 daAuts
Shoals:1: 2291 daAuts
  Lair:3: 2155 daAuts
Shoals:4: 2033 daAuts
     D:9: 1806 daAuts
     D:4: 1798 daAuts
  Lair:5: 1643 daAuts
     D:3: 1486 daAuts
     D:8: 1366 daAuts
     D:7: 1289 daAuts
